 Dungeon Crawl Stone Soup version 0.28.0-43-g3370ac3207 (webtiles) character file.

Game seed: 3369320444711348596

13 adizb the Skirmisher (level 2, 0/24 HPs)
             Began as a Demonspawn Monk on Mar 13, 2022.
             Slain by a bat (1 damage)
             ... on level 1 of the Dungeon.
             The game lasted 00:01:36 (299 turns).

adizb the Skirmisher (Demonspawn Monk)               Turns: 299, Time: 00:01:37

Health: 0/24       AC:  2    Str: 11    XL:     2   Next: 24%
Magic:  2/2        EV: 13    Int: 11    God:
Gold:   36         SH:  0    Dex: 15    Spells: 1/1 levels left

rFire   . . .      SeeInvis .   a - +0 short sword
rCold   . . .      Faith    .   (no shield)
rNeg    . . .      Spirit   .   b - +0 robe
rPois   .          Reflect  .   (no helmet)
rElec   .          Harm     .   (no cloak)
rCorr   .          Rampage  .   (no gloves)
Will    .....                   (no boots)
Stlth   ++........              (no amulet)
HPRegen 0.08/turn               (no ring)
MPRegen 0.16/turn               (no ring)

@: no status effects
A: magic regeneration
a: no special abilities


You were on level 1 of the Dungeon.
You visited 1 branch of the dungeon, and saw 1 of its levels.

You collected 36 gold pieces.

Inventory:

Hand Weapons
 a - a +0 short sword (weapon)
Armour
 b - a +0 robe (worn)
Potions
 c - a potion of curing {unknown}


   Skills:
 * Level 3.4 Fighting
 - Level 2.6 Short Blades
 + Level 0.6 Armour
 + Level 2.8 Dodging
 - Level 1.7 Stealth


You had one spell level left.
You didn't know any spells.
Your spell library was empty.

Dungeon Overview and Level Annotations

Branches:
Dungeon (1/15)

Altars:


Innate Abilities, Weirdness & Mutations

You regenerate magic rapidly.


Message History

You hit the jackal but do no damage.
A bat comes into view.
The jackal barely misses you.
You barely miss the jackal.
The jackal bites you but does no damage.
You hit the jackal.
The jackal is almost dead.
The jackal bites you. x2
You hit the jackal.
You kill the jackal!
The bat hits you.
You hit the bat but do no damage. The bat hits you but does no damage.
The jackal misses you.
You barely miss the jackal. The jackal completely misses you.
You miss the jackal. The jackal bites you.
* * * LOW HITPOINT WARNING * * *
You hit the jackal but do no damage. The jackal barely misses you.
The jackal bites you but does no damage.
You closely miss the jackal. The jackal barely misses you.
You barely miss the jackal. The jackal misses you.
You hit the jackal but do no damage. Your punch misses the jackal.
The jackal barely misses you. x2
You barely miss the jackal. The jackal barely misses you.
You barely miss the jackal. The jackal bites you.
* * * LOW HITPOINT WARNING * * *
You barely miss the jackal. The jackal misses you.
The jackal closely misses you.
You closely miss the jackal. The jackal misses you.
You closely miss the jackal. The jackal bites you.
* * * LOW HITPOINT WARNING * * *
The jackal barely misses you. The jackal misses you. The bat misses you.
The bat hits you.
* * * LOW HITPOINT WARNING * * *
The bat closely misses you.
The jackal bites you but does no damage.
The bat hits you.
* * * LOW HITPOINT WARNING * * *
The bat hits you.
You die...

#....#.......# #......#
#.#..........# #......#
........#..#.# ########
###.....##.#.# .
#.....##...#
#.#.....##...#
#.......##...#
#####.....##.#.###########
...........#.#..@h.......#
.####....#.#.#>##b.......#
.#########.#.#.##........#
†#...# #.#.#.#....g....#
.#..(# #.#.#.#######†###
.....#####.#...# #†#
.#.........######.....g.#
.#>.#......# #.......#
....#.....## #.h......


You could see a jackal, a goblin and a bat.

Vanquished Creatures
  A dart slug (D:1)
  A bat (D:1)
  2 hobgoblins (D:1)
  2 jackals (D:1)
  2 ball pythons (D:1)
  3 rats (D:1)
11 creatures vanquished.

Notes
Turn   | Place    | Note
-------+----------+-------------------------------------------
     0 | D:1      | adizb the Demonspawn Monk began the quest for the Orb.
     0 | D:1      | Reached XP level 1. HP: 18/18 MP: 1/1
   162 | D:1      | Gained mutation: You regenerate magic rapidly. [demonic
                  | ancestry]
   162 | D:1      | Reached XP level 2. HP: 8/24 MP: 2/2
   299 | D:1      | HP: 1/24 [bat (1)]
   299 | D:1      | Slain by a bat

Illustrated notes

Levels and vault maps discovered:
D:1:      lightli_arrival_maybe_door_vault, layout_basic

Action                   || total
-------------------------++-------
Melee: Short sword       ||    60
       Punch             ||     1
 Stab: Sleeping          ||     2
Armor: Robe              ||    12
Dodge: Dodged            ||    51
